| TOP OF THE 1ST |
|
Chester Pirates batting - Pitching for Niagara Falls Phantoms : RHP Frank Medrano
|
|
Pitching: RHP Frank Medrano
|
|
|
Batting: RHB Rusty Trader
|
0-0: Foul Ball, location: 2F 0-1: Ball 1-1: Ball 2-1: Ball 3-1: Called Strike 3-2: Base on Balls
|
|
Batting: LHB Chad Cutler
|
0-0: Swinging Strike 0-1: Ball 1-1: Ball 2-1: Ball 3-1: Base on Balls Rusty Trader to second
|
|
Batting: RHB Dan Kurtz
|
0-0: Swinging Strike 0-1: Swinging Strike 0-2: Foul Ball, location: 2F 0-2: Strikes out swinging
|
|
Batting: RHB Jon Solis
|
0-0: Ball 1-0: Called Strike 1-1: Ball 2-1: Called Strike 2-2: Ball 3-2: Foul Ball, location: 2F 3-2: Grounds into double play, 6-4-3 (Groundball, 6, EV 101.9 MPH)
|
| Top of the 1st over - 0 runs, 0 hits, 0 errors, 1 left on base; Chester 0 - Niagara Falls 0 |
| BOTTOM OF THE 1ST |
|
Niagara Falls Phantoms batting - Pitching for Chester Pirates : RHP Sung-jae Choo
|
|
Pitching: RHP Sung-jae Choo
|
|
|
Batting: LHB Carlos Palau
|
0-0: Foul Ball, location: 2F 0-1: Ball 1-1: Ball 2-1: Ball 3-1: Base on Balls
|
|
Batting: LHB Danny de Leon
|
0-0: Ball 1-0: Called Strike 1-1: Ball 2-1: Foul Ball, location: 2F 2-2: Ball 3-2: Fly out, F8 (Flyball, 8LM, EV 90.6 MPH)
|
|
Batting: RHB Jesus Ruiz
|
0-0: SINGLE (Groundball, 34D, EV 102.5 MPH) Carlos Palau to second Runner from 2nd tries for 3rd, SAFE, throw by RF made to third
|
|
Batting: LHB Dario Segura
|
0-0: Ball 1-0: Ball 2-0: Ball 3-0: Base on Balls Jesus Ruiz to second
|
|
Batting: RHB Yasuoka Tsuda
|
0-0: Foul Ball, location: 2F 0-1: Ball 1-1: Called Strike 1-2: Ball 2-2: Ball 3-2: Foul Ball, location: 2F 3-2: Fly out, F8 (Flyball, 8RD, EV 102.5 MPH) Runner from 3rd tags up, SCORES, no throw by CF
|
|
Batting: RHB Danny Ayala
|
0-0: Ball 1-0: Foul Ball, location: 2F 1-1: Swinging Strike 1-2: SINGLE (Flyball, 9, EV 90.6 MPH) Jesus Ruiz to third Dario Segura to second Runner from 3rd tries for Home, throw by RF and OUT! 9-2
|
| Bottom of the 1st over - 1 run, 2 hits, 0 errors, 2 left on base; Chester 0 - Niagara Falls 1 |
| TOP OF THE 2ND |
|
Chester Pirates batting - Pitching for Niagara Falls Phantoms : RHP Frank Medrano
|
|
Batting: RHB Ricky Alvarado
|
0-0: Called Strike 0-1: Ground out 5-3 (Groundball, 56, EV 78.8 MPH)
|
|
Batting: RHB Hector Barajas
|
0-0: Swinging Strike 0-1: Foul Ball, location: 2F 0-2: Ball 1-2: SINGLE (Line Drive, 34, EV 96.9 MPH)
|
|
Batting: LHB Kazuyoshi Ikeda
|
0-0: Called Strike 0-1: Called Strike 0-2: Ball 1-2: Ball 2-2: Ball 3-2: Base on Balls Hector Barajas to second
|
|
Batting: LHB Damien Cohen
|
0-0: Ball 1-0: Foul Ball, location: 2F 1-1: Called Strike 1-2: Strikes out swinging
|
|
Batting: RHB Matt Derrien
|
0-0: Swinging Strike 0-1: Fly out, F7 (Flyball, 78M, EV 86.9 MPH)
|
| Top of the 2nd over - 0 runs, 1 hit, 0 errors, 2 left on base; Chester 0 - Niagara Falls 1 |
| BOTTOM OF THE 2ND |
|
Niagara Falls Phantoms batting - Pitching for Chester Pirates : RHP Sung-jae Choo
|
|
Batting: LHB Justin Short
|
0-0: Ball 1-0: Called Strike 1-1: Ball 2-1: Foul Ball, location: 2F 2-2: Ball 3-2: Strikes out swinging
|
|
Batting: RHB Tchaa Kombate
|
0-0: Ball 1-0: Swinging Strike 1-1: Ground out 5-3 (Groundball, 56S, EV 85.6 MPH)
|
|
Batting: RHB Arturo Gomez
|
0-0: Ball 1-0: Called Strike 1-1: Foul Ball, location: 2F 1-2: Ball 2-2: Ball 3-2: Foul Ball, location: 2F 3-2: Foul Ball, location: 2F 3-2: Base on Balls
|
|
Batting: LHB Carlos Palau
|
0-0: Ball 1-0: Swinging Strike 1-1: SINGLE (Line Drive, 6MD, EV 98.1 MPH) Arturo Gomez to second
|
|
Batting: LHB Danny de Leon
|
0-0: SINGLE (Line Drive, 78S, EV 110.6 MPH) Arturo Gomez to third Carlos Palau to second
|
|
Batting: RHB Jesus Ruiz
|
0-0: Ball 1-0: Foul Ball, location: 2F 1-1: Foul Ball, location: 2F 1-2: Foul Ball, location: 2F 1-2: Ball 2-2: Reached on error, E6 (Groundball, 6, EV 83.1 MPH) Arturo Gomez scores Carlos Palau to third Danny de Leon to second
|
|
Batting: LHB Dario Segura
|
0-0: Swinging Strike 0-1: Ball 1-1: Fly out, F9 (Flyball, 9D, EV 91.9 MPH)
|
| Bottom of the 2nd over - 1 run, 2 hits, 1 error, 3 left on base; Chester 0 - Niagara Falls 2 |
| TOP OF THE 3RD |
|
Chester Pirates batting - Pitching for Niagara Falls Phantoms : RHP Frank Medrano
|
|
Batting: RHB Rusty Trader
|
0-0: Called Strike 0-1: Called Strike 0-2: Ball 1-2: Strikes out looking
|
|
Batting: LHB Chad Cutler
|
0-0: Called Strike 0-1: Foul Ball, location: 2F 0-2: Ball 1-2: DOUBLE (Line Drive, 7LD, EV 110.0 MPH)
|
|
Batting: RHB Dan Kurtz
|
0-0: Ball 1-0: Called Strike 1-1: Foul Ball, location: 2F 1-2: Ball 2-2: SINGLE (Flyball, 8RS, EV 90.0 MPH) Chad Cutler to third Runner from 3rd tries for Home, SAFE, throw by CF to home
|
|
Batting: RHB Jon Solis
|
0-0: Ball 1-0: Ball 2-0: Foul Ball, location: 2F 2-1: Grounds into double play, 5-4-3 (Groundball, 56, EV 78.8 MPH)
|
| Top of the 3rd over - 1 run, 2 hits, 0 errors, 0 left on base; Chester 1 - Niagara Falls 2 |
| BOTTOM OF THE 3RD |
|
Niagara Falls Phantoms batting - Pitching for Chester Pirates : RHP Sung-jae Choo
|
|
Batting: RHB Yasuoka Tsuda
|
0-0: Ball 1-0: Foul Ball, location: 2F 1-1: Ground out 5-3 (Groundball, 5, EV 91.9 MPH)
|
|
Batting: RHB Danny Ayala
|
0-0: Ball 1-0: Ball 2-0: Ball 3-0: Called Strike 3-1: Ground out U3 (Groundball, 3S, EV 85.0 MPH)
|
|
Batting: LHB Justin Short
|
0-0: Ball 1-0: Foul Ball, location: 2F 1-1: Fly out, F8 (Flyball, 8RS, EV 87.5 MPH)
|
| Bottom of the 3rd over - 0 runs, 0 hits, 0 errors, 0 left on base; Chester 1 - Niagara Falls 2 |
| TOP OF THE 4TH |
|
Chester Pirates batting - Pitching for Niagara Falls Phantoms : RHP Frank Medrano
|
|
Batting: RHB Ricky Alvarado
|
0-0: Ball 1-0: Called Strike 1-1: Foul Ball, location: 2F 1-2: Hit by Pitch
|
|
Batting: RHB Hector Barajas
|
0-0: Foul Ball, location: 2F 0-1: Ball 1-1: Called Strike 1-2: Ball 2-2: Foul Ball, location: 2F 2-2: Strikes out swinging
|
|
Batting: LHB Kazuyoshi Ikeda
|
0-0: Ball 1-0: Reached on error, E4 (Groundball, 34, EV 85.6 MPH) Ricky Alvarado to second
|
|
Batting: LHB Damien Cohen
|
0-0: Called Strike 0-1: Foul Ball, location: 2F 0-2: Ball 1-2: Strikes out swinging
|
|
Batting: RHB Matt Derrien
|
0-0: Swinging Strike 0-1: Ball Wild Pitch! Ricky Alvarado to third Kazuyoshi Ikeda to second 1-1: Ground out 4-3 (Groundball, 4, EV 105.0 MPH)
|
| Top of the 4th over - 0 runs, 0 hits, 1 error, 2 left on base; Chester 1 - Niagara Falls 2 |
| BOTTOM OF THE 4TH |
|
Niagara Falls Phantoms batting - Pitching for Chester Pirates : RHP Sung-jae Choo
|
|
Batting: RHB Tchaa Kombate
|
0-0: Foul Ball, location: 2F 0-1: Foul Ball, location: 2F 0-2: Foul Ball, location: 2F 0-2: Ball 1-2: Fly out, F6 (Flyball, 56D, EV 91.2 MPH)
|
|
Batting: RHB Arturo Gomez
|
0-0: Called Strike 0-1: Ball 1-1: Ball 2-1: Called Strike 2-2: Ball 3-2: Foul Ball, location: 2F 3-2: Fly out, F7 (Flyball, 78D, EV 85.6 MPH)
|
|
Batting: LHB Carlos Palau
|
0-0: Ball 1-0: Ball 2-0: Called Strike 2-1: Ground out 4-3 (Groundball, 4, EV 76.2 MPH)
|
| Bottom of the 4th over - 0 runs, 0 hits, 0 errors, 0 left on base; Chester 1 - Niagara Falls 2 |
| TOP OF THE 5TH |
|
Chester Pirates batting - Pitching for Niagara Falls Phantoms : RHP Frank Medrano
|
|
Pitching: RHP Gary Salazar
|
|
|
Batting: RHB Rusty Trader
|
0-0: Reached on error, E4 (Groundball, 4, EV 86.2 MPH)
|
|
Batting: LHB Chad Cutler
|
0-0: Called Strike 0-1: Foul Ball, location: 2F 0-2: Strikes out looking
|
|
Batting: RHB Dan Kurtz
|
0-0: Ball 1-0: Ball 2-0: Ball 3-0: Called Strike 3-1: Foul Ball, location: 2F 3-2: SINGLE (Groundball, 6MD, EV 94.4 MPH) Rusty Trader to second
|
|
Batting: RHB Jon Solis
|
0-0: Ball 1-0: Called Strike 1-1: Fly out, F8 (Flyball, 8RM, EV 95.6 MPH)
|
|
Batting: RHB Ricky Alvarado
|
0-0: Ball 1-0: Called Strike 1-1: Ground out U3 (Groundball, 3, EV 102.5 MPH)
|
| Top of the 5th over - 0 runs, 1 hit, 1 error, 2 left on base; Chester 1 - Niagara Falls 2 |
| BOTTOM OF THE 5TH |
|
Niagara Falls Phantoms batting - Pitching for Chester Pirates : RHP Sung-jae Choo
|
|
Batting: LHB Danny de Leon
|
0-0: Ball 1-0: Swinging Strike 1-1: Fly out, F8 (Flyball, 78M, EV 86.9 MPH)
|
|
Batting: RHB Jesus Ruiz
|
0-0: Ball 1-0: SOLO HOME RUN (Flyball, 8RXD, EV 116.2 MPH), Distance : 446 ft
|
|
Batting: LHB Dario Segura
|
0-0: Swinging Strike 0-1: Foul Ball, location: 2F 0-2: Ball 1-2: Hit by Pitch
|
|
Batting: RHB Yasuoka Tsuda
|
0-0: Ball Dario Segura steals 2nd base 1-0: Ball 2-0: Called Strike 2-1: Swinging Strike 2-2: Fly out, F8 (Flyball, 78D, EV 96.2 MPH)
|
|
Batting: RHB Danny Ayala
|
0-0: Ball 1-0: Ball 2-0: 2-RUN HOME RUN (Flyball, 7D, EV 95.0 MPH), Distance : 356 ft
|
|
Batting: LHB Justin Short
|
0-0: Called Strike 0-1: Swinging Strike 0-2: Foul Ball, location: 2F 0-2: Ball 1-2: Ball 2-2: Ball 3-2: Base on Balls
|
|
Pitching: LHP Juan Hernandez
|
|
|
Batting: RHB Tchaa Kombate
|
0-0: Ball 1-0: Called Strike 1-1: Swinging Strike 1-2: Ball 2-2: Ball 3-2: Base on Balls Justin Short to second
|
|
Batting: RHB Arturo Gomez
|
0-0: Ball 1-0: Ball 2-0: Called Strike 2-1: SINGLE (Line Drive, 34D, EV 104.4 MPH) Justin Short to third Tchaa Kombate to second Runner from 3rd tries for Home, SAFE, throw by RF to home
|
|
Batting: LHB Carlos Palau
|
0-0: Ball 1-0: Foul Ball, location: 2F 1-1: Called Strike 1-2: Ball 2-2: SINGLE (Groundball, 56D, EV 103.1 MPH) Tchaa Kombate to third Arturo Gomez to second Throwing error, E7 Tchaa Kombate scores Arturo Gomez to third Carlos Palau to second
|
|
Batting: LHB Danny de Leon
|
0-0: Called Strike 0-1: Ball 1-1: Called Strike 1-2: Ball 2-2: Ball 3-2: Foul Ball, location: 2F 3-2: Fly out, F6 (Line Drive, 6M, EV 66.9 MPH)
|
| Bottom of the 5th over - 5 runs, 4 hits, 1 error, 2 left on base; Chester 1 - Niagara Falls 7 |
| TOP OF THE 6TH |
|
Chester Pirates batting - Pitching for Niagara Falls Phantoms : RHP Gary Salazar
|
|
Batting: RHB Hector Barajas
|
0-0: Ball 1-0: Ball 2-0: Ball 3-0: Called Strike 3-1: Base on Balls
|
|
Batting: LHB Kazuyoshi Ikeda
|
0-0: Called Strike 0-1: Fielders Choice at 2nd, 3-6 (Groundball, 3, EV 88.8 MPH)
|
|
Batting: LHB Damien Cohen
|
0-0: Ball 1-0: Called Strike 1-1: Foul Ball, location: 2F 1-2: Fielders Choice at 2nd, 5-4 (Groundball, 5, EV 93.8 MPH)
|
|
Batting: RHB Matt Derrien
|
0-0: Foul Ball, location: 2F 0-1: Swinging Strike 0-2: Ball 1-2: Foul Ball, location: 2F 1-2: Strikes out swinging
|
| Top of the 6th over - 0 runs, 0 hits, 0 errors, 1 left on base; Chester 1 - Niagara Falls 7 |
| BOTTOM OF THE 6TH |
|
Niagara Falls Phantoms batting - Pitching for Chester Pirates : LHP Juan Hernandez
|
|
Pitching: RHP Bill Gomez
|
|
|
Batting: RHB Jesus Ruiz
|
0-0: SINGLE (Groundball, 56D, EV 93.8 MPH)
|
|
Batting: LHB Dario Segura
|
0-0: Called Strike 0-1: Foul Ball, location: 2F 0-2: Ball 1-2: Ball 2-2: Foul Ball, location: 2F 2-2: Ball 3-2: Base on Balls Jesus Ruiz to second
|
|
Batting: RHB Yasuoka Tsuda
|
0-0: DOUBLE (Line Drive, 3D, EV 98.8 MPH) Jesus Ruiz scores Dario Segura to third
|
|
Batting: RHB Danny Ayala
|
0-0: Ball 1-0: Called Strike 1-1: Ball 2-1: Called Strike 2-2: Foul Ball, location: 2F 2-2: Foul Ball, location: 2F 2-2: Ball 3-2: Foul Ball, location: 2F 3-2: Base on Balls
|
|
Pitching: LHP Angel Juarez
|
|
|
Batting: LHB Justin Short
|
0-0: Swinging Strike 0-1: Foul Ball, location: 2F 0-2: Ball 1-2: Foul Ball, location: 2F 1-2: Ball 2-2: Foul Ball, location: 2F 2-2: Strikes out swinging
|
|
Batting: RHB Tchaa Kombate
|
0-0: Foul Ball, location: 2F 0-1: Swinging Strike 0-2: Ball 1-2: Foul Ball, location: 2F 1-2: Ball 2-2: Strikes out looking
|
|
Batting: RHB Arturo Gomez
|
0-0: Called Strike 0-1: Foul Ball, location: 2F 0-2: Ball 1-2: Ball 2-2: Strikes out swinging
|
| Bottom of the 6th over - 1 run, 2 hits, 0 errors, 3 left on base; Chester 1 - Niagara Falls 8 |
| TOP OF THE 7TH |
|
Chester Pirates batting - Pitching for Niagara Falls Phantoms : RHP Gary Salazar
|
|
Batting: RHB Rusty Trader
|
0-0: Ball 1-0: Called Strike 1-1: Foul Ball, location: 2F 1-2: Ball 2-2: Foul Ball, location: 2F 2-2: Ball 3-2: Foul Ball, location: 2F 3-2: Fly out, F8 (Flyball, 8RD, EV 86.9 MPH)
|
|
Pitching: RHP Chris Bryant
|
|
|
Batting: LHB Chad Cutler
|
0-0: Ball 1-0: Ball 2-0: Called Strike 2-1: Swinging Strike 2-2: Foul Ball, location: 2F 2-2: Foul Ball, location: 2F 2-2: Ground out 3-1 (Groundball, 34S, EV 87.5 MPH)
|
|
Batting: RHB Dan Kurtz
|
0-0: Ball 1-0: Foul Ball, location: 2F 1-1: Ball 2-1: Swinging Strike 2-2: Foul Ball, location: 2F 2-2: Strikes out looking
|
| Top of the 7th over - 0 runs, 0 hits, 0 errors, 0 left on base; Chester 1 - Niagara Falls 8 |
| BOTTOM OF THE 7TH |
|
Niagara Falls Phantoms batting - Pitching for Chester Pirates : LHP Angel Juarez
|
|
Batting: LHB Carlos Palau
|
0-0: SINGLE (Groundball, 6MD, EV 95.6 MPH)
|
|
Batting: LHB Danny de Leon
|
0-0: Foul Ball, location: 2F 0-1: Ball 1-1: Ball 2-1: Swinging Strike 2-2: Ball 3-2: Base on Balls Carlos Palau to second
|
|
Batting: RHB Jesus Ruiz
|
0-0: Ball 1-0: Ball 2-0: Called Strike 2-1: Foul Ball, location: 2F 2-2: Strikes out swinging
|
|
Batting: LHB Dario Segura
|
0-0: Called Strike 0-1: Ball 1-1: Foul Ball, location: 2F 1-2: Foul Ball, location: 2F 1-2: Fly out, F9 (Flyball, 89D, EV 96.9 MPH) Runner from 2nd tags up, SAFE at 3rd, no throw by RF
|
|
Batting: RHB Yasuoka Tsuda
|
0-0: Called Strike 0-1: Swinging Strike 0-2: Strikes out swinging
|
| Bottom of the 7th over - 0 runs, 1 hit, 0 errors, 2 left on base; Chester 1 - Niagara Falls 8 |
| TOP OF THE 8TH |
|
Chester Pirates batting - Pitching for Niagara Falls Phantoms : RHP Chris Bryant
|
|
Batting: RHB Jon Solis
|
0-0: Called Strike 0-1: Ball 1-1: Swinging Strike 1-2: Strikes out swinging
|
|
Batting: RHB Ricky Alvarado
|
0-0: Called Strike 0-1: Foul Ball, location: 2F 0-2: Strikes out looking
|
|
Batting: RHB Hector Barajas
|
0-0: Called Strike 0-1: Foul Ball, location: 2F 0-2: Strikes out swinging
|
| Top of the 8th over - 0 runs, 0 hits, 0 errors, 0 left on base; Chester 1 - Niagara Falls 8 |
| BOTTOM OF THE 8TH |
|
Niagara Falls Phantoms batting - Pitching for Chester Pirates : LHP Angel Juarez
|
|
Batting: RHB Danny Ayala
|
0-0: Swinging Strike 0-1: Swinging Strike 0-2: Foul Ball, location: 2F 0-2: Ball 1-2: Foul Ball, location: 2F 1-2: Strikes out swinging
|
|
Batting: LHB Justin Short
|
0-0: Called Strike 0-1: Ball 1-1: Ball 2-1: Called Strike 2-2: Strikes out swinging
|
|
Batting: RHB Tchaa Kombate
|
0-0: Ball 1-0: Swinging Strike 1-1: Ball 2-1: Foul Ball, location: 2F 2-2: Foul Ball, location: 2F 2-2: Ball 3-2: Base on Balls
|
|
Batting: RHB Arturo Gomez
|
0-0: Ball 1-0: Called Strike 1-1: Foul Ball, location: 2F 1-2: Fly out, F8 (Flyball, 8LD, EV 91.2 MPH)
|
| Bottom of the 8th over - 0 runs, 0 hits, 0 errors, 1 left on base; Chester 1 - Niagara Falls 8 |
| TOP OF THE 9TH |
|
Chester Pirates batting - Pitching for Niagara Falls Phantoms : RHP Chris Bryant
|
|
Batting: LHB Kazuyoshi Ikeda
|
0-0: Called Strike 0-1: Swinging Strike 0-2: Foul Ball, location: 2F 0-2: Ball 1-2: Strikes out swinging
|
|
Batting: LHB Damien Cohen
|
0-0: Called Strike 0-1: Ball 1-1: Foul Ball, location: 2F 1-2: Ball 2-2: SINGLE (Flyball, 78S, EV 92.5 MPH)
|
|
Batting: RHB Matt Derrien
|
0-0: Ball 1-0: Swinging Strike 1-1: Called Strike 1-2: Strikes out swinging
|
|
Batting: RHB Rusty Trader
|
0-0: Ball 1-0: Called Strike 1-1: Swinging Strike 1-2: Foul Ball, location: 2F 1-2: Ball 2-2: Foul Ball, location: 2F 2-2: Strikes out swinging
|
| Top of the 9th over - 0 runs, 1 hit, 0 errors, 1 left on base; Chester 1 - Niagara Falls 8 |
|